 Dungeon Crawl Stone Soup version 0.22-a0-425-g89d60a1 (webtiles) character file.

774 Gorice the Carver (level 7, -5/46 HPs)
             Began as a Demonspawn Wanderer on May 24, 2018.
             Slain by Pikel
             ... wielding a +0 whip of electrocution
              (11 damage)
             ... on level 4 of the Dungeon.
             The game lasted 00:11:58 (3554 turns).

Gorice the Carver (Demonspawn Wanderer)             Turns: 3554, Time: 00:11:58

Health: -5/46      AC: 14    Str: 14    XL:     7   Next: 53%
Magic:  0/7        EV:  3    Int: 15    God:
Gold:   243        SH:  3    Dex: 11    Spells: 6/6 levels left

rFire    . . .     SeeInvis .   a - +2 falchion
rCold    . . .     Gourm    .   c - +0 buckler
rNeg     . . .     Faith    .   l - +0 plate armour (curse)
rPois    .         Spirit   +   p - +2 hat
rElec    .         Reflect  .   (no cloak)
rCorr    .         Harm     .   (no gloves)
MR       .....                  (no boots)
Stlth    ..........             i - amulet of guardian spirit
HPRegen  0.15/turn              (no ring)
MPRegen  0.10/turn              (no ring)

@: no status effects
A: hooves 1, slimy green scales 1, spiny 1
a: no special abilities


You were on level 4 of the Dungeon.
You were hungry.

You visited 1 branch of the dungeon, and saw 4 of its levels.

You collected 243 gold pieces.

Inventory:

Hand Weapons
 a - a +2 falchion (weapon)
 b - a +0 spear
 e - a +1 whip of venom
   (You took it off a kobold on level 2 of the Dungeon)
 m - a +2 dagger of venom
   (You found it on level 3 of the Dungeon)
 x - a +0 great sword
Missiles
 q - 7 javelins (quivered)
 w - 30 sling bullets
 Y - 152 stones
Armour
 c - a +0 buckler (worn)
 d - a +0 robe
 j - a +0 chain mail
 l - a cursed +0 plate armour (worn)
 p - a +2 hat (worn)
Jewellery
 i - an amulet of guardian spirit (around neck)
Potions
 g - 2 potions of degeneration {unknown}
 k - 2 potions of flight {unknown}
 n - 2 potions of lignification {!q}
 o - a potion of haste {unknown}
 r - 2 potions of heal wounds {unknown}
 s - a potion of agility {unknown}
 t - a potion of might {unknown}
 u - 2 potions of invisibility {unknown}
 v - a potion of magic {unknown}
Comestibles
 f - 9 rations


   Skills:
 * Level 8.4 Long Blades
 - Level 1.0 Throwing
 + Level 1.2 Armour
 - Level 1.0 Stealth
 - Level 1.0 Shields
   Level 3.2 Necromancy


You had 6 spell levels left.
You didn't know any spells.
Your spell library was empty.

Dungeon Overview and Level Annotations

Branches:
Dungeon (4/15)
 Temple: D:4-7

Altars:
Hepliaklqana
Xom

Annotations:
D:4 Pikel


Innate Abilities, Weirdness & Mutations

You have large cloven feet.
You are partially covered in slimy green scales. (AC +2)
You are partially covered in sharp spines.


Message History

The slave barely misses you. Pikel is struck by your spines.
Pikel hits you but does no damage.
Found a scroll of fog.
You hit Pikel but do no damage.
Pikel is lightly wounded.
The slave hits you but does no damage. The slave hits you.
Pikel hits you but does no damage.
Damage: 4 (max 4)
You closely miss Pikel. Your kick misses Pikel.
Pikel is lightly wounded.
The slave hits you but does no damage. x3; Pikel hits you but does no damage.
You hit Pikel. You kick Pikel, but do no damage.
Pikel is lightly wounded.
The slave is struck by your spines. The slave hits you.
The slave is struck by your spines. The slave hits you.
The slave is struck by your spines. The slave hits you but does no damage.
The slave barely misses you. Pikel is struck by your spines.
Pikel hits you with a whip of electrocution.
Damage: 5 (max 5)
You barely miss Pikel.
Pikel is lightly wounded.
The slave hits you. The slave is struck by your spines. The slave hits you.
You block the slave's attack. The slave is struck by your spines.
The slave hits you but does no damage. Pikel hits you but does no damage.
You are electrocuted!
Damage: 20 (max 20)
You miss Pikel.
Pikel is lightly wounded.
The slave hits you but does no damage. The slave hits you. x2
The slave hits you but does no damage.
Damage: 4 (max 20)
You hit Pikel but do no damage.
Pikel is lightly wounded.
Pikel hits you but does no damage. The slave is struck by your spines.
The slave hits you but does no damage. The slave hits you.
* * * LOW HITPOINT WARNING * * *
You block the slave's attack. The slave hits you.
* * * LOW HITPOINT WARNING * * *
Damage: 3 (max 20) Pikel is struck by your spines.
Pikel hits you with a whip of electrocution.
* * * LOW HITPOINT WARNING * * *
Damage: 1 (max 20) Unknown command.
You block Pikel's attack.
Pikel says, "You'll fetch a fair price!"
Pikel hits you with a whip of electrocution.
* * * LOW HITPOINT WARNING * * *
You are electrocuted!
You die...

.............###..............###
.####.##..............#.......##.
.# #.##.....###..............##.
.# #.##.....# #.................
.# #.##.....# #..............###
.####......>.# ##.....#####.)###.
.#....##.....####....## #..##..
..>##.##...###....#### ##.##.#
.####..#...#...#@###### ..##p#
.##..........##Kpp...... ..##.#
###...........pp..#####. ......#
....................... ##.
.##.................... p
....................... ≈
.###....#...........).. .
#.#................. #
#.#<....#...........


You could see Pikel and 4 slaves.

Vanquished Creatures
  Sigmund (D:3)
  A phantom (D:4)
  3 ogres
  Blork the orc (D:4)
  A centaur skeleton (D:4)
  2 worker ants (D:4)
  3 adders
  An ooze (D:1)
  5 worms
  2 dart slugs
  4 leopard geckos
  2 orcs
  A giant cockroach (D:1)
  9 goblins
  9 hobgoblins
  14 jackals
  5 kobolds
  3 quokkas
  13 bats
  4 frilled lizards
  A quokka skeleton (D:4)
  9 rats
94 creatures vanquished.

Notes
Turn   | Place    | Note
-------+----------+-------------------------------------------
     0 | D:1      | Gorice the Demonspawn Wanderer began the quest for the Orb.
     0 | D:1      | Gorice set off with: a +2 falchion, a +0 spear, a +0 buckler, a +0 robe, a ration
     0 | D:1      | Reached XP level 1. HP: 13/13 MP: 1/1
   239 | D:1      | Reached skill level 4 in Long Blades
   241 | D:1      | Gained mutation: You have large cloven feet. [demonic ancestry]
   241 | D:1      | Reached XP level 2. HP: 15/19 MP: 2/2
   336 | D:1      | Found a shadowy altar of Dithmenos.
   338 | D:1      | Found a snail-covered altar of Cheibriados.
   338 | D:1      | Found a shimmering altar of Xom.
   340 | D:1      | Found a snail-covered altar of Cheibriados.
   340 | D:1      | Found a shattered altar of Ashenzari.
   340 | D:1      | Found a bloodstained altar of Trog.
   636 | D:1      | Gained mutation: You are partially covered in slimy green scales. (AC +2) [demonic ancestry]
   636 | D:1      | Reached XP level 3. HP: 20/24 MP: 3/3
   776 | D:2      | HP: 7/24 [poisoned by a kobold]
   782 | D:2      | HP: 5/24 [poisoned by a kobold]
   790 | D:2      | HP: 4/24 [poisoned by a kobold]
  1153 | D:2      | Found a faded altar of an unknown god.
  1241 | D:2      | Reached skill level 5 in Long Blades
  1423 | D:2      | Gained mutation: You are partially covered in sharp spines. [demonic ancestry]
  1423 | D:2      | Reached XP level 4. HP: 24/30 MP: 2/4
  1915 | D:3      | Noticed an ogre
  1927 | D:3      | Killed an ogre
  1927 | D:3      | Reached skill level 6 in Long Blades
  1927 | D:3      | Reached XP level 5. HP: 26/35 MP: 3/5
  2157 | D:3      | Noticed Sigmund
  2653 | D:4      | Noticed a slave
  2653 | D:4      | Noticed a slave
  2698 | D:4      | Noticed an ogre
  2704 | D:4      | Killed an ogre
  2704 | D:4      | Reached XP level 6. HP: 39/41 MP: 6/6
  2706 | D:4      | Noticed Blork the orc
  2729 | D:4      | HP: 11/41 [Blork the orc/puff of frost (9)]
  2988 | D:4      | Killed Blork the orc
  2988 | D:4      | Reached skill level 7 in Long Blades
  3096 | D:3      | Killed Sigmund
  3096 | D:3      | Reached skill level 8 in Long Blades
  3096 | D:3      | Reached XP level 7. HP: 30/46 MP: 5/7
  3301 | D:4      | Found a hazy altar of Hepliaklqana.
  3388 | D:4      | Reached skill level 1 in Armour
  3537 | D:4      | Noticed Pikel
  3547 | D:4      | HP: 11/46 [slave[Pikel] (3)]
  3554 | D:4      | HP: 6/46 [Pikel/whip of electrocution (1)]
  3554 | D:4      | Slain by Pikel

Vault maps used:
D:1:      dpeg_arrival_ratfight, doesnt_xom_only_xom
D:2:      chequers_ecumenical_altar_simple_redux, first_ration
D:3:      corexii_shack_village, uniq_sigmund
D:4:      old_standard_altar, minmay_temple_entry_mist, minmay_cupped,
          uniq_blork_the_orc, uniq_pikel

Skill      XL: |  1  2  3  4  5  6  7 |
---------------+----------------------+-----
Long Blades    | 4 5 6 8 |  8.4
Armour         | 1 |  1.2
Throwing       | |  1.0
Stealth        | |  1.0
Shields        | |  1.0
Necromancy     | |  3.2

Action                   |  1- 3 |  4- 6 |  7- 9 || total
-------------------------+-------+-------+-------++-------
Melee: Falchion          |   107 |   127 |    18 ||   252
       Kick              |    18 |    22 |     2 ||    42
Throw: Stone             |       |     6 |       ||     6
       Javelin           |       |     7 |     4 ||    11
  Use: Scroll            |     6 |     2 |       ||     8
  Eat: Chunk             |     2 |     5 |     1 ||     8
Armor: Chain mail        |     9 |       |       ||     9
       Robe              |     1 |       |       ||     1
       Plate armour      |    66 |    88 |    21 ||   175
Dodge: Dodged            |    13 |    12 |     3 ||    28
Block: Buckler           |    19 |    13 |     6 ||    38
       Rpst.: Falchion   |     5 |     3 |       ||     8

Table legend:
 A = Spawn XP
 B = Non-spawn XP
 C = Spawn XP percentage of total XP
 D = Spawn monster count
 E = Non-spawn monster count
 F = Spawn count percentage of total count
 G = Total turns spent on level
                    A         B        C        D         E        F      G
               +---------+---------+-------+---------+---------+-------+---------
         Total |       0 |    1106 |   0.0 |       0 |      94 |   0.0 |  3554
               +---------+---------+-------+---------+---------+-------+---------
           D:1 |       0 |      41 |   0.0 |       0 |      23 |   0.0 |   697
           D:2 |       0 |      80 |   0.0 |       0 |      28 |   0.0 |  1340
           D:3 |       0 |     397 |   0.0 |       0 |      24 |   0.0 |   955
           D:4 |       0 |     588 |   0.0 |       0 |      19 |   0.0 |   562
               +---------+---------+-------+---------+---------+-------+---------

Table legend:
 A = Turns spent in this place as a percentage of turns spent in the entire game.
 B = Non-inter-level travel turns spent in this place as a percentage of non-inter-level travel turns spent in the entire game.
 C = Inter-level travel turns spent in this place as a percentage of turns spent in this place.
 D = Turns resting spent in this place as a percentage of non-inter-level travel turns spent in this place.
 E = Turns spent auto-exploring this place as a percentage of non-inter-level travel turns spent in this place.
 F = Non-inter-level travel turns spent in this place divided by the number of levels of this place that you've seen.
                   A       B       C       D       E      F
               +-------+-------+-------+-------+-------+----------------------
         Total | 100.0 | 100.0 |   3.2 |  18.3 |  48.2 | 860.2
       Dungeon | 100.0 | 100.0 |   3.2 |  18.3 |  48.2 | 860.2
               +-------+-------+-------+-------+-------+----------------------

Vault maps used:
D:1:      dpeg_arrival_ratfight, doesnt_xom_only_xom
D:2:      chequers_ecumenical_altar_simple_redux, first_ration
D:3:      corexii_shack_village, uniq_sigmund
D:4:      old_standard_altar, minmay_temple_entry_mist, minmay_cupped,
          uniq_blork_the_orc, uniq_pikel
